 Dungeon Crawl Stone Soup version 0.29.1-13-g9f3cf754e1 (webtiles) character file.

Game seed: 2463166317562965370

427 Thatpatchoflichen the Grasshopper (level 6, -2/51 HPs)
             Began as a Gnoll Warper on Feb 4, 2023.
             Was a Believer of Qazlal.
             Slain by an iguana (9 damage)
             ... on level 3 of the Dungeon.
             The game lasted 00:08:42 (4299 turns).

Thatpatchoflichen the Grasshopper (Gnoll Warper)    Turns: 4299, Time: 00:08:42

Health: -2/51      AC:  6    Str: 12    XL:     6   Next: 97%
Magic:  0/14       EV: 13    Int: 12    God:    Qazlal [**....]
Gold:   157        SH:  3    Dex: 12    Spells: 9/16 levels left

rFire   . . .      SeeInvis .   a - +0 spear
rCold   . . .      Faith    .   (no shield)
rNeg    . . .      Spirit   +   b - +0 leather armour
rPois   .          Reflect  .   (no helmet)
rElec   .          Harm     .   (no cloak)
rCorr   .          Rampage  .   j - +2 pair of gloves
Will    .....                   (no boots)
Stlth   +.........              f - amulet of guardian spirit
HPRegen 0.17/turn               (no ring)
MPRegen 0.14/turn               (no ring)

@: no status effects
A: fangs 1, strong nose, distributed training
a: Renounce Religion, Upheaval


You were on level 3 of the Dungeon.
You worshipped Qazlal.
Qazlal was pleased with you.
You visited 1 branch of the dungeon, and saw 4 of its levels.

You collected 157 gold pieces.

Inventory:

Hand Weapons
 a - a +0 spear (weapon)
Missiles
 d - 6 boomerangs of dispersal (quivered)
 k - 6 boomerangs
 q - 4 javelins
 x - a throwing net
Armour
 b - a +0 leather armour (worn)
 j - a +2 pair of gloves (worn)
Jewellery
 f - an amulet of guardian spirit (around neck)
 p - a ring of fire
 r - an amulet of magic regeneration
Wands
 s - a wand of flame (7)
 t - a wand of roots (12)
 y - a wand of charming (2)
Scrolls
 c - 2 scrolls of blinking
 e - 3 scrolls of identify {unknown}
 g - a scroll of magic mapping {unknown}
 l - 2 scrolls of summoning {unknown}
 n - a scroll of torment {unknown}
 u - 2 scrolls of brand weapon {unknown}
 w - a scroll of immolation {unknown}
 z - a scroll of teleportation {unknown}
Potions
 h - a potion of magic {unknown}
 i - a potion of curing {unknown}
 m - 2 potions of flight {unknown}
 o - 2 potions of attraction {unknown}
 v - a potion of mutation {unknown}


   Skills:
 + Level 5.1 Fighting
 + Level 2.2 Short Blades
 + Level 2.2 Long Blades
 + Level 2.2 Axes
 + Level 2.2 Maces & Flails
 + Level 5.1 Polearms
 + Level 2.2 Staves
 + Level 2.2 Ranged Weapons
 + Level 3.4 Throwing
 + Level 3.4 Armour
 + Level 5.1 Dodging
 + Level 2.2 Stealth
 + Level 2.2 Shields
 + Level 2.2 Unarmed Combat
 + Level 5.5 Spellcasting
 + Level 1.8 Conjurations
 + Level 1.8 Hexes
 + Level 1.8 Summonings
 + Level 1.8 Necromancy
 + Level 5.7 Translocations
 + Level 1.8 Transmutations
 + Level 1.8 Fire Magic
 + Level 1.8 Ice Magic
 + Level 1.8 Air Magic
 + Level 1.8 Earth Magic
 + Level 1.8 Poison Magic
 + Level 2.5 Invocations
 + Level 2.2 Evocations


You had 9 spell levels left.
You knew the following spells:

 Your Spells              Type           Power      Damage    Failure   Level
a - Blink                 Tloc           34%        N/A       3%          2
b - Manifold Assault      Tloc           17%        N/A       52%         5

Your spell library contained the following spells:

 Spells                   Type           Power      Damage    Failure   Level
 Gell's Gravitas          Tloc           17%        N/A       7%          3
 Lesser Beckoning         Tloc           17%        N/A       7%          3
 Teleport Other           Tloc           17%        N/A       7%          3
 Ensorcelled Hibernation  Hex/Ice        14%        N/A       17%         2
 Passwall                 Tmut/Erth      5%         N/A       17%         2
 Swiftness                Air            7%         N/A       34%         3


Dungeon Overview and Level Annotations

Branches:
Dungeon (4/15)
 Temple: D:4-7

Altars:
Qazlal

Portals:
Abyss: D:3

Annotations:
D:3 2 transporters, Loveship's ghost, amateur NaFi
D:4 Sigmund


Innate Abilities, Weirdness & Mutations

You have very sharp teeth.
Your uncanny sense of smell can sniff out nearby items.
Your experience applies equally to all skills.


Message History

You hit the iguana but do no damage. Your bite misses the iguana.
The iguana is moderately wounded.
The iguana barely misses you. The kobold closely misses you.
You hit the iguana but do no damage.
The iguana is moderately wounded.
The iguana barely misses you. The kobold hits you with a +0 whip.
You hit the iguana but do no damage.
The iguana is moderately wounded.
The iguana bites you! The kobold hits you but does no damage.
You barely miss the iguana.
The iguana is moderately wounded.
The iguana closely misses you. The kobold hits you but does no damage.
You hit the iguana but do no damage. You bite the iguana, but do no damage.
The iguana is moderately wounded.
You hit the iguana but do no damage. You bite the iguana.
The iguana is moderately wounded.
The iguana bites you. You block the kobold's attack.
You hit the iguana.
The iguana is moderately wounded.
The iguana bites you. The kobold hits you with a +0 whip.
You hit the iguana but do no damage. Your bite misses the iguana.
The iguana is moderately wounded.
The iguana bites you but does no damage.
The kobold barely misses you.
You completely miss the iguana. You punch the iguana.
The iguana is severely wounded.
The iguana bites you!
* * * LOW HITPOINT WARNING * * *
The kobold hits you with a +0 whip.
* * * LOW HITPOINT WARNING * * *
You hit the iguana.
The iguana is almost dead.
The kobold hits you but does no damage. The iguana bites you.
* * * LOW HITPOINT WARNING * * *
You hit the iguana but do no damage.
The iguana is almost dead.
You hit the iguana.
The iguana is almost dead.
The iguana bites you!
You die...

#.# ####.#.# #.#
#....#.# #.#
#....#.##### #.#
#....#......
#.#####....<######
##.#.......[.......
#รท>................
#Kl..#########.####
#.@...............#
#.....###......#.##
#...#..............
#...#####.........#
#...# #......####
##### #.....## #
#.....# #.^...#
#######


You could see an iguana and a kobold.

Vanquished Creatures
  An ogre (D:4)
  A necrophage (D:4)
  A scorpion (D:3)
  A hound (D:4)
  Crazy Yiuf (D:2)
  Ijyb (D:4)
  2 orc wizards
  An adder (D:3)
  4 dart slugs
  4 orcs
  3 ball pythons
  6 bats
  6 endoplasms
  4 giant cockroaches
  9 goblins
  8 hobgoblins
  4 kobolds
  6 quokkas
  3 frilled lizards
  8 rats
74 creatures vanquished.

Vanquished Creatures (others)
  A fungus (D:1)
  A plant (D:1)
2 creatures vanquished.

Grand Total: 76 creatures vanquished

Notes
Turn   | Place    | Note
-------+----------+-------------------------------------------
     0 | D:1      | Thatpatchoflichen the Gnoll Warper began the quest for the
                  | Orb.
     0 | D:1      | Reached XP level 1. HP: 20/20 MP: 6/6
   193 | D:1      | HP: 1/20 [dart slug (3)]
   198 | D:1      | Reached XP level 2. HP: 2/26 MP: 7/7
   611 | D:1      | Learned a level 2 spell: Blink
   761 | D:1      | Found a faded altar of an unknown god.
   822 | D:1      | Prayed at the altar of an unknown god.
   822 | D:1      | Became a worshipper of Qazlal Stormbringer
   822 | D:1      | Reached * piety under Qazlal
   864 | D:1      | Reached skill level 5 in Spellcasting
   864 | D:1      | Reached XP level 3. HP: 31/31 MP: 6/9
  1140 | D:2      | Found a runed translucent door.
  1141 | D:2      | Noticed Crazy Yiuf
  1323 | D:2      | Reached skill level 1 in Invocations
  1456 | D:2      | Killed Crazy Yiuf
  1457 | D:2      | Reached skill level 1 in Short Blades
  1457 | D:2      | Reached skill level 1 in Long Blades
  1457 | D:2      | Reached skill level 1 in Axes
  1457 | D:2      | Reached skill level 1 in Maces & Flails
  1457 | D:2      | Reached skill level 1 in Staves
  1457 | D:2      | Reached skill level 1 in Ranged Weapons
  1457 | D:2      | Reached skill level 1 in Stealth
  1457 | D:2      | Reached skill level 1 in Shields
  1457 | D:2      | Reached skill level 1 in Unarmed Combat
  1457 | D:2      | Reached skill level 1 in Evocations
  1457 | D:2      | Reached XP level 4. HP: 13/38 MP: 3/11
  2118 | D:2      | Reached skill level 1 in Conjurations
  2118 | D:2      | Reached skill level 1 in Hexes
  2118 | D:2      | Reached skill level 1 in Summonings
  2118 | D:2      | Reached skill level 1 in Necromancy
  2118 | D:2      | Reached skill level 1 in Transmutations
  2118 | D:2      | Reached skill level 1 in Fire Magic
  2118 | D:2      | Reached skill level 1 in Ice Magic
  2118 | D:2      | Reached skill level 1 in Air Magic
  2118 | D:2      | Reached skill level 1 in Earth Magic
  2118 | D:2      | Reached skill level 1 in Poison Magic
  2306 | D:3      | Reached XP level 5. HP: 26/43 MP: 7/12
  2466 | D:3      | Reached ** piety under Qazlal
  2470 | D:3      | Found a one-way gate to the infinite horrors of the Abyss.
  2470 | D:3      | Noticed Loveship's ghost (amateur NaFi)
  2471 | D:3      | Noticed a small abomination
  2592 | D:3      | Found a transporter.
  2614 | D:3      | Found a transporter.
  2619 | D:3      | Noticed a toenail golem
  3224 | D:3      | Learned a level 5 spell: Manifold Assault
  3584 | D:4      | Reached skill level 5 in Fighting
  3584 | D:4      | Reached skill level 5 in Polearms
  3584 | D:4      | Reached skill level 5 in Dodging
  3584 | D:4      | Reached XP level 6. HP: 42/51 MP: 14/14
  3683 | D:4      | Noticed Ijyb
  3718 | D:4      | Killed Ijyb
  4022 | D:4      | Noticed Sigmund
  4299 | D:3      | Slain by an iguana

Illustrated notes

Levels and vault maps discovered:
D:1:      mainiacjoe_arrival_reflecting_pool, layout_rooms,
          shapermc_ecumenical_altar_mp_urbaneastern, serial_corexii_hall,
          corexii_hall_statues_x, corexii_hall_statues_x, st_stairs_12
D:2:      minmay_alternating_diamond, layout_basic, uniq_crazy_yiuf_cottage
D:3:      layout_basic, gammafunk_ghost_abyssal_escape
D:4:      layout_loops_cross, makhleb_heckhound_becter, uniq_sigmund, uniq_ijyb

Skill      XL: |  1  2  3  4  5  6 |
---------------+-------------------+-----
Spellcasting   | 5 |  5.5
Invocations    | 1 2 |  2.5
Short Blades   | 1 2 |  2.2
Long Blades    | 1 2 |  2.2
Axes           | 1 2 |  2.2
Maces & Flails | 1 2 |  2.2
Staves         | 1 2 |  2.2
Ranged Weapons | 1 2 |  2.2
Stealth        | 1 2 |  2.2
Shields        | 1 2 |  2.2
Unarmed Combat | 1 2 |  2.2
Evocations     | 1 2 |  2.2
Conjurations   | 1 |  1.8
Hexes          | 1 |  1.8
Summonings     | 1 |  1.8
Necromancy     | 1 |  1.8
Transmutations | 1 |  1.8
Fire Magic     | 1 |  1.8
Ice Magic      | 1 |  1.8
Air Magic      | 1 |  1.8
Earth Magic    | 1 |  1.8
Poison Magic   | 1 |  1.8
Throwing       | 3 |  3.4
Armour         | 3 |  3.4
Fighting       | 5 |  5.1
Polearms       | 5 |  5.1
Dodging        | 5 |  5.1
Translocations | |  5.7

Action                   |  1- 3 |  4- 6 || total
-------------------------+-------+-------++-------
Melee: Spear             |   112 |   287 ||   399
       Bite              |     7 |    35 ||    42
       Punch             |     1 |     6 ||     7
Throw: Boomerang         |     1 |       ||     1
Armor: Leather armour    |    38 |   110 ||   148
Dodge: Dodged            |    71 |   199 ||   270
Block: Other             |     4 |    23 ||    27
